| TOP OF THE 1ST |
|
Spokane River Rats batting - Pitching for Tacoma Rainiers : RHP Brad Rigby
|
|
Pitching: RHP Brad Rigby
|
|
|
Batting: LHB Andy Fox
|
0-0: SINGLE (Groundball, 6M, EV 81.9 MPH) (infield hit)
|
|
Batting: SHB Chris Latham
|
0-0: Foul Ball, location: 2F 0-1: Ball 1-1: Ball 2-1: SINGLE (Groundball, 6, EV 106.3 MPH) (infield hit) Andy Fox to second
|
|
Batting: LHB Michael Tucker
|
0-0: Ball 1-0: Called Strike 1-1: Ball 2-1: Fly out, F7 (Flyball, 78M, EV 81.3 MPH)
|
|
Batting: SHB Gene Kingsale
|
0-0: Ball 1-0: Fly out, F9 (Flyball, 9LSF, EV 79.4 MPH)
|
|
Batting: RHB Tony Rodriguez
|
0-0: Ball 1-0: Foul Ball, location: 2F 1-1: Swinging Strike 1-2: Foul Ball, location: 2F 1-2: Hit by Pitch Andy Fox to third Chris Latham to second
|
|
Batting: SHB Luis M. Lopez
|
0-0: Called Strike 0-1: Ball 1-1: Foul Ball, location: 2F 1-2: Strikes out swinging
|
| Top of the 1st over - 0 runs, 2 hits, 0 errors, 3 left on base; Spokane 0 - Tacoma 0 |
| BOTTOM OF THE 1ST |
|
Tacoma Rainiers batting - Pitching for Spokane River Rats : RHP Jaret Wright
|
|
Pitching: RHP Jaret Wright
|
|
|
Batting: SHB Chad Fonville
|
0-0: SINGLE (Groundball, 56, EV 107.5 MPH) (infield hit)
|
|
Batting: LHB Daryl Boston
|
0-0: Called Strike 0-1: Ball 1-1: Fielders Choice at 2nd, 6-4 (Groundball, 6, EV 94.4 MPH)
|
|
Batting: RHB Russ Davis
|
0-0: Ball 1-0: Foul Ball, location: 2F 1-1: Grounds into double play, 4-6-3 (Groundball, 34, EV 94.4 MPH)
|
| Bottom of the 1st over - 0 runs, 1 hit, 0 errors, 0 left on base; Spokane 0 - Tacoma 0 |
| TOP OF THE 2ND |
|
Spokane River Rats batting - Pitching for Tacoma Rainiers : RHP Brad Rigby
|
|
Batting: RHB Mark Dalesandro
|
0-0: Swinging Strike 0-1: Foul Ball, location: 2F 0-2: Strikes out swinging
|
|
Batting: SHB Doug Brady
|
0-0: Ball 1-0: Ball 2-0: DOUBLE (Line Drive, 9LD, EV 102.5 MPH)
|
|
Batting: RHB Jose Lind
|
0-0: Ball 1-0: SINGLE (Line Drive, 34D, EV 98.8 MPH) Doug Brady to third Runner from 3rd tries for Home, SAFE, throw by RF to home
|
|
Batting: LHB Andy Fox
|
0-0: Fly out, F9 (Flyball, 9, EV 85.0 MPH)
|
|
Batting: SHB Chris Latham
|
0-0: SINGLE (Line Drive, 89M, EV 85.0 MPH) Jose Lind to second
|
|
Batting: LHB Michael Tucker
|
0-0: Ball 1-0: Called Strike 1-1: Called Strike 1-2: Ground out 4-3 (Groundball, 4S, EV 80.6 MPH)
|
| Top of the 2nd over - 1 run, 3 hits, 0 errors, 2 left on base; Spokane 1 - Tacoma 0 |
| BOTTOM OF THE 2ND |
|
Tacoma Rainiers batting - Pitching for Spokane River Rats : RHP Jaret Wright
|
|
Batting: SHB Micah Franklin
|
0-0: Called Strike 0-1: Ball 1-1: Ball 2-1: Called Strike 2-2: Fly out, F7 (Flyball, 7D, EV 84.4 MPH)
|
|
Batting: LHB Mario Valdez
|
0-0: Ball 1-0: Called Strike 1-1: Ball 2-1: Foul Ball, location: 2F 2-2: Foul Ball, location: 2F 2-2: Foul Ball, location: 2F 2-2: Ball 3-2: SINGLE (Line Drive, 78M, EV 92.5 MPH)
|
|
Batting: RHB Jose Guillen
|
0-0: Ball 1-0: Grounds into double play, 5-4-3 (Groundball, 56S, EV 85.6 MPH)
|
| Bottom of the 2nd over - 0 runs, 1 hit, 0 errors, 0 left on base; Spokane 1 - Tacoma 0 |
| TOP OF THE 3RD |
|
Spokane River Rats batting - Pitching for Tacoma Rainiers : RHP Brad Rigby
|
|
Batting: SHB Gene Kingsale
|
0-0: Foul Ball, location: 2F 0-1: Ball 1-1: Ball 2-1: Foul Ball, location: 2F 2-2: Ground out 3-1 (Groundball, 34, EV 105.0 MPH)
|
|
Batting: RHB Tony Rodriguez
|
0-0: Ground out 4-3 (Groundball, 4, EV 76.3 MPH)
|
|
Batting: SHB Luis M. Lopez
|
0-0: Called Strike 0-1: Ball 1-1: Reached on error, E1 (Groundball, 34S, EV 80.0 MPH)
|
|
Batting: RHB Mark Dalesandro
|
0-0: Ball 1-0: Foul Ball, location: 2F 1-1: Ground out 4-3 (Groundball, 4, EV 90.6 MPH)
|
| Top of the 3rd over - 0 runs, 0 hits, 1 error, 1 left on base; Spokane 1 - Tacoma 0 |
| BOTTOM OF THE 3RD |
|
Tacoma Rainiers batting - Pitching for Spokane River Rats : RHP Jaret Wright
|
|
Batting: SHB Jason Bates
|
0-0: Foul Ball, location: 2F 0-1: SINGLE (Groundball, 6MD, EV 100.6 MPH)
|
|
Batting: RHB Eric Young
|
0-0: Called Strike 0-1: Ball 1-1: Ground out 6-3 (Groundball, 56, EV 101.9 MPH) Jason Bates to second
|
|
Batting: LHB Greg O'Halloran
|
0-0: Swinging Strike 0-1: Ball 1-1: Ball 2-1: Swinging Strike 2-2: Ground out 4-3 (Groundball, 4, EV 91.3 MPH) Jason Bates to third
|
|
Batting: SHB Chad Fonville
|
0-0: Called Strike 0-1: Called Strike 0-2: Ball 1-2: Fly out, F7 (Flyball, 7, EV 91.3 MPH)
|
| Bottom of the 3rd over - 0 runs, 1 hit, 0 errors, 1 left on base; Spokane 1 - Tacoma 0 |
| TOP OF THE 4TH |
|
Spokane River Rats batting - Pitching for Tacoma Rainiers : RHP Brad Rigby
|
|
Batting: SHB Doug Brady
|
0-0: Foul Ball, location: 2F 0-1: Called Strike 0-2: Foul Ball, location: 2F 0-2: Ball 1-2: Foul Ball, location: 2F 1-2: SINGLE (Line Drive, 7LS, EV 105.6 MPH)
|
|
Batting: RHB Jose Lind
|
0-0: Called Strike 0-1: Foul Ball, location: 2F 0-2: Grounds into double play, 6-4-3 (Groundball, 6, EV 104.4 MPH)
|
|
Batting: LHB Andy Fox
|
0-0: Ball 1-0: Ball 2-0: Called Strike 2-1: Fly out, F7 (Flyball, 7, EV 90.6 MPH)
|
| Top of the 4th over - 0 runs, 1 hit, 0 errors, 0 left on base; Spokane 1 - Tacoma 0 |
| BOTTOM OF THE 4TH |
|
Tacoma Rainiers batting - Pitching for Spokane River Rats : RHP Jaret Wright
|
|
Batting: LHB Daryl Boston
|
0-0: Called Strike 0-1: Foul Ball, location: 2F 0-2: Reached on error, E4 (Groundball, 4, EV 106.3 MPH)
|
|
Batting: RHB Russ Davis
|
0-0: Ball 1-0: Foul Ball, location: 2F 1-1: Foul Ball, location: 2F 1-2: Strikes out swinging
|
|
Batting: SHB Micah Franklin
|
0-0: Foul Ball, location: 2F 0-1: Ball 1-1: SINGLE (Groundball, 34D, EV 102.5 MPH) Daryl Boston to second Runner from 2nd tries for 3rd, SAFE, no throw by RF
|
|
Batting: LHB Mario Valdez
|
0-0: Called Strike 0-1: Ball 1-1: Fly out, F9 (Flyball, 9LS, EV 87.5 MPH)
|
|
Batting: RHB Jose Guillen
|
0-0: Called Strike 0-1: Ball 1-1: Ground out 4-3 (Groundball, 34, EV 85.6 MPH)
|
| Bottom of the 4th over - 0 runs, 1 hit, 1 error, 2 left on base; Spokane 1 - Tacoma 0 |
| TOP OF THE 5TH |
|
Spokane River Rats batting - Pitching for Tacoma Rainiers : RHP Brad Rigby
|
|
Batting: SHB Chris Latham
|
0-0: Called Strike 0-1: Foul Ball, location: 2F 0-2: Ball 1-2: Foul Ball, location: 2F 1-2: Foul Ball, location: 2F 1-2: Ball 2-2: Strikes out swinging
|
|
Batting: LHB Michael Tucker
|
0-0: Called Strike 0-1: Foul Ball, location: 2F 0-2: Ground out 6-3 (Groundball, 6, EV 85.6 MPH)
|
|
Batting: SHB Gene Kingsale
|
0-0: Foul Ball, location: 2F 0-1: Foul Ball, location: 2F 0-2: Fly out, F7 (Flyball, 7LM, EV 91.3 MPH)
|
| Top of the 5th over - 0 runs, 0 hits, 0 errors, 0 left on base; Spokane 1 - Tacoma 0 |
| BOTTOM OF THE 5TH |
|
Tacoma Rainiers batting - Pitching for Spokane River Rats : RHP Jaret Wright
|
|
Batting: SHB Jason Bates
|
0-0: Called Strike 0-1: Ball 1-1: Called Strike 1-2: Ball 2-2: DOUBLE (Flyball, 89D, EV 92.5 MPH)
|
|
Batting: RHB Eric Young
|
0-0: Called Strike 0-1: Reached on error, E6 (Groundball, 56, EV 93.8 MPH) Jason Bates to third
|
|
Batting: LHB Greg O'Halloran
|
0-0: Ball 1-0: Ball 2-0: Fly out, F8 (Line Drive, 8RM, EV 84.4 MPH) Runner from 3rd tags up, SCORES, throw by CF
|
|
Batting: SHB Chad Fonville
|
0-0: Ball 1-0: Called Strike 1-1: Ball 2-1: Fielders Choice at 2nd, 4-6 (Groundball, 4, EV 84.4 MPH)
|
|
Batting: LHB Daryl Boston
|
0-0: Ball 1-0: Called Strike 1-1: Fly out, F7 (Flyball, 7LM, EV 78.8 MPH)
|
| Bottom of the 5th over - 1 run, 1 hit, 1 error, 1 left on base; Spokane 1 - Tacoma 1 |
| TOP OF THE 6TH |
|
Spokane River Rats batting - Pitching for Tacoma Rainiers : RHP Brad Rigby
|
|
Batting: RHB Tony Rodriguez
|
0-0: Ball 1-0: Called Strike 1-1: Fly out, F9 (Flyball, 9LDF, EV 98.8 MPH)
|
|
Batting: SHB Luis M. Lopez
|
0-0: Ball 1-0: Swinging Strike 1-1: Called Strike 1-2: Ball 2-2: Foul Ball, location: 2F 2-2: Strikes out swinging
|
|
Batting: RHB Mark Dalesandro
|
0-0: Called Strike 0-1: Ball 1-1: Called Strike 1-2: Ball 2-2: Fly out, F8 (Line Drive, 8LD, EV 108.8 MPH)
|
| Top of the 6th over - 0 runs, 0 hits, 0 errors, 0 left on base; Spokane 1 - Tacoma 1 |
| BOTTOM OF THE 6TH |
|
Tacoma Rainiers batting - Pitching for Spokane River Rats : RHP Jaret Wright
|
|
Batting: RHB Russ Davis
|
0-0: Ball 1-0: Called Strike 1-1: Ball 2-1: Ball 3-1: Called Strike 3-2: Strikes out swinging
|
|
Batting: SHB Micah Franklin
|
0-0: Ball 1-0: Ball 2-0: Ball 3-0: Called Strike 3-1: Called Strike 3-2: Strikes out swinging, 2-3 out at first.
|
|
Batting: LHB Mario Valdez
|
0-0: Foul Ball, location: 2F 0-1: Swinging Strike 0-2: Foul Ball, location: 2F 0-2: Ball 1-2: Ball 2-2: Hit by Pitch
|
|
Batting: RHB Jose Guillen
|
0-0: Foul Ball, location: 2F 0-1: Ball 1-1: Ball 2-1: Ground out 5-3 (Groundball, 56S, EV 64.4 MPH)
|
| Bottom of the 6th over - 0 runs, 0 hits, 0 errors, 1 left on base; Spokane 1 - Tacoma 1 |
| TOP OF THE 7TH |
|
Spokane River Rats batting - Pitching for Tacoma Rainiers : RHP Brad Rigby
|
|
Pitching: RHP Carlos Reyes
|
|
|
Batting: SHB Doug Brady
|
0-0: Ball 1-0: Ball 2-0: Ball 3-0: Base on Balls
|
|
Batting: RHB Jose Lind
|
0-0: Bunted foul 0-1: Sac Bunt to 3S - play at first, batter OUT! 3-1 Doug Brady to second
|
|
Batting: LHB Andy Fox
|
0-0: Intentional Walk
|
|
Batting: SHB Chris Latham
|
0-0: Ball 1-0: Ball 2-0: Fly out, F9 (Flyball, 89D, EV 104.4 MPH) Runner from 2nd tags up, SAFE at 3rd, no throw by RF
|
|
Batting: LHB Michael Tucker
|
0-0: Foul Ball, location: 2F 0-1: Swinging Strike 0-2: Ball 1-2: Strikes out looking
|
| Top of the 7th over - 0 runs, 0 hits, 0 errors, 2 left on base; Spokane 1 - Tacoma 1 |
| BOTTOM OF THE 7TH |
|
Tacoma Rainiers batting - Pitching for Spokane River Rats : RHP Jaret Wright
|
|
Batting: SHB Jason Bates
|
0-0: Called Strike 0-1: Swinging Strike 0-2: Foul Ball, location: 2F 0-2: Ball 1-2: Strikes out looking
|
|
Batting: RHB Eric Young
|
0-0: Ball 1-0: Ground out 1-3 (Groundball, 13, EV 71.3 MPH)
|
|
Batting: LHB Greg O'Halloran
|
0-0: Ground out 4-3 (Groundball, 4, EV 90.0 MPH)
|
| Bottom of the 7th over - 0 runs, 0 hits, 0 errors, 0 left on base; Spokane 1 - Tacoma 1 |
| TOP OF THE 8TH |
|
Spokane River Rats batting - Pitching for Tacoma Rainiers : RHP Carlos Reyes
|
|
Batting: SHB Gene Kingsale
|
0-0: Called Strike 0-1: Ball 1-1: Ball 2-1: Foul Ball, location: 2F 2-2: Strikes out swinging
|
|
Batting: RHB Tony Rodriguez
|
0-0: Called Strike 0-1: Ball 1-1: DOUBLE (Flyball, 8RXD, EV 107.5 MPH)
|
|
Pitching: LHP Jeff Wallace
|
|
|
Batting: SHB Luis M. Lopez
|
0-0: Ball 1-0: Called Strike 1-1: Called Strike 1-2: Strikes out swinging, 2-3 out at first.
|
|
Batting: RHB Mark Dalesandro
|
0-0: Ball 1-0: Ball 2-0: Foul Ball, location: 2F 2-1: Ball 3-1: Base on Balls
|
|
Batting: SHB Doug Brady
|
0-0: Swinging Strike 0-1: Ball 1-1: Ball 2-1: Swinging Strike 2-2: SINGLE (Groundball, 56D, EV 102.5 MPH) Tony Rodriguez to third Mark Dalesandro to second Runner from 3rd tries for Home, SAFE, no throw by LF
|
|
Batting: RHB Jose Lind
|
0-0: Called Strike 0-1: Ball 1-1: Ball 2-1: Ball 3-1: Fly out, F9 (Flyball, 89M, EV 95.0 MPH)
|
| Top of the 8th over - 1 run, 2 hits, 0 errors, 2 left on base; Spokane 2 - Tacoma 1 |
| BOTTOM OF THE 8TH |
|
Tacoma Rainiers batting - Pitching for Spokane River Rats : RHP Jaret Wright
|
|
Batting: SHB Chad Fonville
|
0-0: Foul Ball, location: 2F 0-1: Ground out 6-3 (Groundball, 6, EV 105.6 MPH)
|
|
Batting: LHB Daryl Boston
|
0-0: Ball 1-0: Foul Ball, location: 2F 1-1: Foul Ball, location: 2F 1-2: SOLO HOME RUN (Flyball, 7LD, EV 98.8 MPH), Distance : 344 ft
|
|
Batting: RHB Russ Davis
|
0-0: Ball 1-0: Ground out 5-3 (Groundball, 56S, EV 72.5 MPH)
|
|
Batting: SHB Micah Franklin
|
0-0: Ball 1-0: Swinging Strike 1-1: Foul Ball, location: 2F 1-2: Fly out, F8 (Flyball, 8RM, EV 88.1 MPH)
|
| Bottom of the 8th over - 1 run, 1 hit, 0 errors, 0 left on base; Spokane 2 - Tacoma 2 |
| TOP OF THE 9TH |
|
Spokane River Rats batting - Pitching for Tacoma Rainiers : LHP Jeff Wallace
|
|
Pitching: RHP Tavo Alvarez
|
|
|
Batting: LHB Andy Fox
|
0-0: Foul Ball, location: 2F 0-1: Ball 1-1: Foul Ball, location: 2F 1-2: Ball 2-2: Ball 3-2: Base on Balls
|
|
Pinch Hitting: LHB John Mabry
|
0-0: Fly out, F6 (Popup, 6MS, EV 71.3 MPH)
|
|
Batting: LHB Michael Tucker
|
0-0: Called Strike 0-1: Ball Andy Fox is caught stealing 2nd base 2-6 1-1: SINGLE (Groundball, 34D, EV 107.5 MPH)
|
|
Batting: SHB Gene Kingsale
|
0-0: Fielders Choice at 2nd, 6-4 (Groundball, 6, EV 92.5 MPH)
|
| Top of the 9th over - 0 runs, 1 hit, 0 errors, 1 left on base; Spokane 2 - Tacoma 2 |
| BOTTOM OF THE 9TH |
|
Tacoma Rainiers batting - Pitching for Spokane River Rats : RHP Jaret Wright
|
|
Pitching: LHP Matt Whisenant
|
|
|
Now in RF: John Mabry
|
|
|
Pinch Hitting: RHB Mike R Kelly
|
0-0: Called Strike 0-1: Foul Ball, location: 2F 0-2: Foul Ball, location: 2F 0-2: Ball 1-2: Foul Ball, location: 2F 1-2: Foul Ball, location: 2F 1-2: Strikes out swinging
|
|
Batting: RHB Jose Guillen
|
0-0: Foul Ball, location: 2F 0-1: Ball 1-1: Ball 2-1: Ball 3-1: Ground out 6-3 (Groundball, 6, EV 90.0 MPH)
|
|
Batting: SHB Jason Bates
|
0-0: Ball 1-0: Ball 2-0: Foul Ball, location: 2F 2-1: Ball 3-1: Called Strike 3-2: Foul Ball, location: 2F 3-2: Fly out, F4 (Popup, 3S, EV 83.8 MPH)
|
| Bottom of the 9th over - 0 runs, 0 hits, 0 errors, 0 left on base; Spokane 2 - Tacoma 2 |
| TOP OF THE 10TH |
|
Spokane River Rats batting - Pitching for Tacoma Rainiers : RHP Tavo Alvarez
|
|
Now at 1B: Ron Coomer
|
|
|
Batting: RHB Tony Rodriguez
|
0-0: SINGLE (Groundball, 56, EV 106.3 MPH) (infield hit)
|
|
Batting: SHB Luis M. Lopez
|
0-0: Ball 1-0: DOUBLE (Flyball, 8LD, EV 101.3 MPH) Tony Rodriguez to third
|
|
Batting: RHB Mark Dalesandro
|
0-0: Intentional Walk
|
|
Batting: SHB Doug Brady
|
0-0: Called Strike 0-1: Ball 1-1: Called Strike 1-2: Ball 2-2: Foul Ball, location: 2F 2-2: Ball 3-2: SINGLE (Groundball, 3D, EV 99.4 MPH) Tony Rodriguez scores Luis M. Lopez to third Mark Dalesandro to second Runner from 3rd tries for Home, SAFE, throw by RF to home
|
|
Batting: RHB Jose Lind
|
0-0: Bunted foul 0-1: Sac Bunt to 13 - play at first, batter OUT! 1-4 Mark Dalesandro to third Doug Brady to second
|
|
Batting: LHB Andy Fox
|
0-0: Foul Ball, location: 2F 0-1: Ball 1-1: Ball 2-1: Ball 3-1: SINGLE (Groundball, 6D, EV 95.0 MPH) Mark Dalesandro scores Doug Brady to third Runner from 3rd tries for Home, SAFE, throw by CF to home
|
|
Batting: LHB John Mabry
|
0-0: Grounds into double play, 4-6-3 (Groundball, 4, EV 87.5 MPH)
|
| Top of the 10th over - 4 runs, 4 hits, 0 errors, 0 left on base; Spokane 6 - Tacoma 2 |
| BOTTOM OF THE 10TH |
|
Tacoma Rainiers batting - Pitching for Spokane River Rats : LHP Matt Whisenant
|
|
Pitching: RHP Ricky Trlicek
|
|
|
Batting: RHB Eric Young
|
0-0: Swinging Strike 0-1: Foul Ball, location: 2F 0-2: Ball 1-2: Foul Ball, location: 2F 1-2: Foul Ball, location: 2F 1-2: Ground out 4-3 (Groundball, 34, EV 110.0 MPH)
|
|
Batting: LHB Greg O'Halloran
|
0-0: Foul Ball, location: 2F 0-1: Ball 1-1: Fly out, F7 (Flyball, 7D, EV 76.3 MPH)
|
|
Batting: SHB Chad Fonville
|
0-0: Ball 1-0: Fly out, F8 (Flyball, 8RM, EV 93.1 MPH)
|
| Bottom of the 10th over - 0 runs, 0 hits, 0 errors, 0 left on base; Spokane 6 - Tacoma 2 |
|